 Dungeon Crawl Stone Soup version 0.18-a0-1577-gf591c28 (webtiles) character file.

153 M4edhros the Charlatan (level 5, 0/33 HPs)
             Began as an Octopode Artificer on Mar 20, 2016.
             Slain by an orc
             ... wielding a cursed -1 mace
              (6 damage)
             ... on level 2 of the Dungeon.
             The game lasted 00:03:10 (2694 turns).

M4edhros the Charlatan (Octopode Artificer)         Turns: 2694, Time: 00:03:11

Health: 0/33       AC:  1    Str: 11    XL:     5   Next: 35%
Magic:  26/26      EV: 13    Int: 14    God:
Gold:   132        SH:  0    Dex: 13    Spells: 0 memorised, 4 levels left

rFire  . . .     SeeInvis .     a - +0 short sword
rCold  . . .     Gourm    .     (no shield)
rNeg   . . .     Faith    .     (helmet restricted)
rPois  .         Spirit   .     (no amulet)
rElec  .         Dismiss  .     e - ring of magical power
rCorr  .         Reflect  .     k - ring of magical power
SustAt .         Harm     .     (no ring)
MR     .....                    (no ring)
Stlth  ++++......               (no ring)
                                (no ring)
                                (no ring)
                                (no ring)

@: not resistant to hostile enchantments, stealthy
A: almost no armour, amphibious, 8 rings, constrict 8, camouflage 1, gelatinous
body 1
a: no special abilities


You were on level 2 of the Dungeon.
You were very hungry.

You visited 1 branch of the dungeon, and saw 3 of its levels.

You collected 132 gold pieces.

Inventory:

Hand Weapons
 a - a +0 short sword (weapon)
Missiles
 l - 9 sling bullets
 m - 132 stones (quivered)
 t - 15 silver sling bullets
Jewellery
 e - a ring of magical power (left tentacle)
 k - a ring of magical power (right tentacle)
Wands
 b - a wand of flame (8/48)
 c - a wand of enslavement (15/24)
 d - a wand of random effects (15/48)
Scrolls
 g - 3 scrolls of identify {unknown}
 h - a scroll of teleportation {unknown}
 n - a scroll of recharging {unknown}
 o - a scroll of magic mapping {unknown}
 v - a scroll of remove curse {unknown}
 y - a scroll of amnesia {unknown}
 A - a scroll of blinking {unknown}
Potions
 p - a potion of mutation {unknown}
 q - a potion of heal wounds {unknown}
 r - a potion of cure mutation
 w - a potion of flight {unknown}
 x - a potion of lignification {unknown}
 z - a potion of haste {unknown}
Books
 u - a book of Envenomations

   Spells                             Type                      Level
   a - Spider Form                    Transmutation/Poison         3
   b - Olgreb's Toxic Radiance        Poison                       4
   c - Alistair's Intoxication        Transmutation/Poison         5
   d - Poisonous Cloud                Conjuration/Poison/Air       6
Comestibles
 f - a bread ration
 i - a slice of pizza
 j - 8 fruits
 s - a meat ration


   Skills:
 + Level 1.5 Fighting
 + Level 1.9 Short Blades
 + Level 3.0 Dodging
 + Level 4.1 Stealth
 + Level 4.4 Evocations


You had 4 spell levels left.
You didn't know any spells.

Dungeon Overview and Level Annotations

Branches:
Dungeon (3/15)

Altars:
Dithmenos
Xom
Yredelemnul


Innate Abilities, Weirdness & Mutations

You cannot wear most types of armour.
You are amphibious.
You can wear up to eight rings at the same time.
You can use your tentacles to constrict eight enemies at once.
Your skin changes colour to match your surroundings (Stealth).
Your rubbery body absorbs attacks (AC +1).


Message History

You constrict the orc priest. The orc misses you.
The orc priest barely misses you.
You hit the orc priest but do no damage.
The orc priest is heavily wounded.
You constrict the orc priest. The orc completely misses you.
The worm misses you. The orc priest barely misses you.
You completely miss the orc priest.
You squeeze the orc priest, but do no damage.
The orc priest is severely wounded.
You constrict the orc priest.
The orc hits you with an enchanted mace.
The orc priest misses you.
You hit the orc priest.
You kill the orc priest!
Your Dodging skill increases to level 3!
Your Stealth skill increases to level 4!
The worm bites you!
* * * LOW HITPOINT WARNING * * *
The orc hits you with an enchanted mace.
You die...

.......######..#..# ##>## #....#.
.#...#.######..#..############.#.
..#.#...................'....#.#.
...........##.#.........####.#.#.
.##........##.#.........# #.#.#.
.##........##.#..######## #.#.#.
...........##.#..###########.#.#.
.##..##....##.##wo..........)..#.
.##.)##....##.##@#############.##
.....##....##.##)# #.##
..##.##....##.##.# #.#
.....########.##.# #.# ..##.#<#
#.##.#############.## ####.#.#
#...................# ####.#.#
####.################ .....#.#
#.# ######.#########.#


You could see a worm and an orc.

Vanquished Creatures
  An orc priest (D:2)
  Ijyb (D:2)
  4 adders (D:2)
  2 oozes (D:1)
  2 worms (D:2)
  A giant gecko (D:1)
  2 orcs
  2 giant cockroaches (D:1)
  6 goblins
  5 hobgoblins
  7 bats
  7 giant newts
  5 kobolds
  4 rats
49 creatures vanquished.

Notes
Turn   | Place    | Note
--------------------------------------------------------------
     0 | D:1      | M4edhros the Octopode Artificer began the quest for the Orb.
     0 | D:1      | Reached XP level 1. HP: 13/13 MP: 3/3
    50 | D:1      | Reached XP level 2. HP: 11/18 MP: 4/4
   785 | D:1      | Reached XP level 3. HP: 6/23 MP: 6/6
  1346 | D:2      | Noticed Ijyb
  1357 | D:2      | Killed Ijyb
  1357 | D:2      | Reached XP level 4. HP: 25/28 MP: 7/7
  2057 | D:2      | Found a basalt altar of Yredelemnul.
  2059 | D:2      | Found a shimmering altar of Xom.
  2423 | D:2      | Reached XP level 5. HP: 28/33 MP: 8/8
  2480 | D:2      | Found a shadowy altar of Dithmenos.
  2694 | D:2      | Slain by an orc

Vault maps used:
D:1:      onia_arrival_pentagram
D:2:      nicolae_overflow_hidden_temple, hangedman_abyss_or_decor_lesser_grid,
          minmay_misc_feat_enclosed, uniq_iyjb

Skill      XL: |  1  2  3  4  5 |
---------------+----------------+-----
Stealth        | 2 3 4 |  4.1
Evocations     | 4 |  4.4
Dodging        | 3 |  3.0
Fighting       | |  1.5
Short Blades   | |  1.9

Action                   |  1- 3 |  4- 6 || total
-------------------------+-------+-------++-------
Melee: Short sword       |    50 |    62 ||   112
Evoke: Wand              |     3 |     4 ||     7
  Use: Potion            |       |     1 ||     1
 Stab: Sleeping          |     4 |     4 ||     8
  Eat: Chunk             |     1 |     3 ||     4
